 Dungeon Crawl Stone Soup version 0.28-a0-313-gbc0475efdd (webtiles) character file.

Game seed: 6540952314907408837

15704 robertstho the Thaumaturge (level 12, -2/66 (76) HPs)
             Began as a Djinni Fire Elementalist on Aug 31, 2021.
             Was an Initiate of Gozag.
             Hit by a javelin thrown by a minotaur (29 damage)
             ... in a Gauntlet.
             The game lasted 00:24:51 (14062 turns).

robertstho the Thaumaturge (DjFE)                  Turns: 14062, Time: 00:24:52

HP:   -2/66 (76)    AC:  6    Str: 13    XL:     12   Next: 61%
Gold: 983           EV: 18    Int: 21    God:    Gozag SH:  0 Dex: 15

rFire   + + .      SeeInvis .   t - +0 long sword
rCold   x . .      Faith    .   (no shield)
rNeg    . . .      Spirit   .   G - +0 steam dragon scales
rPois   ∞          Reflect  .   a - +0 helmet
rElec   .          Harm     .   e - scarf {+Inv}
rCorr   .          Rampage  .   (no gloves)
Will    +....      NoTele   +   (boots unavailable)
Stlth   ++++......              v - amulet of regeneration
HPRegen 1.21/turn               B - +4 ring of evasion
MPRegen 0.00/turn               J - ring "Lozxomy" {Str+6 Stlth+}

@: flying, very slightly contaminated, hasted, heavily drained, invisible, very
quick
A: sickness immunity, fire resistance 2, cold vulnerability 1, float, innate
caster, hp casting, extra vitality 1
a: Renounce Religion, Evoke Invisibility, Potion Petition, Call Merchant, Bribe
Branch


You were in a Gauntlet.
You worshipped Gozag.
Gozag was pleased with you.
You visited 2 branches of the dungeon, and saw 13 of its levels.
You visited 1 bazaar.
You also visited: Gauntlet.

You collected 1916 gold pieces.
You spent 490 gold pieces at shops.
You paid 443 gold pieces to Gozag.

Inventory:

Hand Weapons
 k - a +0 dagger
 t - a +0 long sword (weapon)
Armour
 a - a +0 helmet (worn)
 c - a +1 hat
 e - a scarf of invisibility (worn)
 G - +0 steam dragon scales (worn)
Jewellery
 v - an amulet of regeneration (around neck)
 B - a +4 ring of evasion (left hand)
 C - an amulet of the acrobat
 I - a ring of positive energy
 J - the ring "Lozxomy" (right hand) {Str+6 Stlth+}
   (You found it in a Gauntlet)

   [ring of strength]

   Str:       It affects your strength (+6).
   Stlth:     It makes you more stealthy.
Wands
 m - a wand of mindburst (9)
 o - a wand of paralysis (10)
 p - a wand of flame (9)
 D - a wand of iceblast (4)
Scrolls
 b - 7 scrolls of teleportation
 h - 2 scrolls of enchant armour
 j - a scroll of enchant weapon
 l - 2 scrolls of immolation
 n - 2 scrolls of vulnerability
 s - 5 scrolls of fear
 y - a scroll of summoning
 E - a scroll of holy word
Potions
 d - a potion of berserk rage
 f - 2 potions of brilliance {unknown}
 g - 6 potions of curing
 i - a potion of cancellation
 q - 5 potions of haste {unknown}
 r - a potion of magic {unknown}
 u - 4 potions of degeneration {unknown}
 w - 2 potions of might
 x - 5 potions of flight {unknown}
 z - 4 potions of heal wounds {unknown}
 A - a potion of lignification {unknown}
 F - a potion of ambrosia {unknown}
 H - a potion of attraction {unknown}


   Skills:
 + Level 2.9 Fighting
 + Level 1.7 Long Blades
 + Level 5.5 Dodging
 + Level 5.3 Stealth
 + Level 13.4 Spellcasting
 + Level 2.1 Evocations


You had 8 spell levels left.
You knew the following spells:

 Your Spells              Type           Power      Damage    Failure   Level
a - Foxfire               Conj/Fire      100%       2x1d9     1%          1
b - Conjure Flame         Conj/Fire      63%        6-21      1%          3
c - Inner Flame           Hex/Fire       63%        N/A       1%          3
d - Sticky Flame          Conj/Fire      63%        2d8       1%          4
e - Fireball              Conj/Fire      31%        3d13      1%          5
f - Sandblast             Erth           100%       2d20      1%          1
g - Ensorcelled Hibernat  Hex/Ice        100%       N/A       1%          2
h - Poisonous Vapours     Pois/Air       100%       N/A       1%          2
i - Frozen Ramparts       Ice            100%       1d12      1%          3
j - Summon Mana Viper     Hex/Summ       63%        N/A       1%          5
Your spell library was empty.

Dungeon Overview and Level Annotations

Branches:
Dungeon (12/15)            Temple (1/1) D:4            Lair (0/6) D:11
Gauntlet (1/1)
    Orc: D:9-12

Altars:
Ashenzari
Cheibriados
Dithmenos
Elyvilon
Fedhas
Gozag
Hepliaklqana
Kikubaaqudgha
Makhleb
Nemelex Xobeh
Okawaru
Qazlal
Ru
Sif Muna
Trog
Uskayaw
Vehumet
Wu Jian
Xom
Yredelemnul
Zin
The Shining One

Shops:
D:5 *   D:6 *   D:11 [![

Annotations:
D:4 3 runed translucent doors, Shayle's ghost, amateur DjWr
D:6 1 runed translucent door, snackwell's ghost, novice DrTm
D:9 2 runed translucent doors Gauntlet 8 transporters, 16 runed translucent doors


Innate Abilities, Weirdness & Mutations

You are immune to sickness and miasma.
You are immune to poison.
Your flesh is very heat resistant. (rF++)
You are vulnerable to cold. (rC-)
You float through the air rather than walking.
You learn spells naturally, not from books.
Your magical power is your life essence.
You have superior vitality. (+4 HP)


Message History

Press: ? - help, Shift-Dir - straight line, f - minotaur
Aim: a minotaur, wielding the +7 lajatang "Lacum" {vorpal, rC+}, wearing a +0 plate armour, wearing the ring of the Failed Coup {rPois Str+2 SInv} and quivering javelins (lightly wounded, ally target)
Okay, then.
Casting: Fireball (dangerous; 1% risk of failure)
Confirm with . or Enter, or press ? or * to list all spells.
Aiming: Ensorcelled Hibernation (safe; 1% risk of failure)
Press: ? - help, Shift-Dir - straight line, f - you
Okay, then.
Aiming: Paralyse
Press: ? - help, Shift-Dir - straight line, f - minotaur
Aim: a minotaur, wielding the +7 lajatang "Lacum" {vorpal, rC+}, wearing a +0 plate armour, wearing the ring of the Failed Coup {rPois Str+2 SInv} and quivering javelins (lightly wounded, ally target, chance to affect: 2%)
The minotaur resists with almost no effort.
The minotaur throws a javelin.
The javelin barely misses you.
Your mana viper bites the minotaur!
Aiming: Paralyse
Press: ? - help, Shift-Dir - straight line, f/p - minotaur
Aim: a minotaur, wielding the +7 lajatang "Lacum" {vorpal, rC+}, wearing a +0 plate armour, wearing the ring of the Failed Coup {rPois Str+2 SInv} and quivering javelins (moderately wounded, ally target, chance to affect: 2%)
The minotaur resists with almost no effort.
Your mana viper bites the minotaur.
The minotaur hits your mana viper with the +7 lajatang "Lacum" {vorpal, rC+}!!
The minotaur gores your mana viper!
Aiming: Paralyse
Press: ? - help, Shift-Dir - straight line, f/p - minotaur
Aim: a minotaur, wielding the +7 lajatang "Lacum" {vorpal, rC+}, wearing a +0 plate armour, wearing the ring of the Failed Coup {rPois Str+2 SInv} and quivering javelins (moderately wounded, ally target, chance to affect: 2%)
The minotaur resists with almost no effort.
Your mana viper bites the minotaur but does no damage.
Aiming: Paralyse
Press: ? - help, Shift-Dir - straight line, f/p - minotaur
Aim: a minotaur, wielding the +7 lajatang "Lacum" {vorpal, rC+}, wearing a +0 plate armour, wearing the ring of the Failed Coup {rPois Str+2 SInv} and quivering javelins (moderately wounded, ally target, chance to affect: 2%)
The minotaur resists with almost no effort.
The minotaur closely misses your mana viper.
The minotaur gores your mana viper but does no damage.
Your mana viper bites the minotaur!
Aiming: Paralyse
Press: ? - help, Shift-Dir - straight line, f/p - minotaur
Aim: a minotaur, wielding the +7 lajatang "Lacum" {vorpal, rC+}, wearing a +0 plate armour, wearing the ring of the Failed Coup {rPois Str+2 SInv} and quivering javelins (heavily wounded, ally target, chance to affect: 2%)
The minotaur resists with almost no effort.
The minotaur throws a javelin.
The javelin pierces through you!!
You die...
Your body crumbles into a pile of gold.

#§.. ##.. #§..
######### ##..
####.##....#####≈§.
#....##.##....###..
##.##....##.##..##..
#..##.##....##...#..
##.@.S##.##......#..
##.##.H..##.##.©.#8.
#.######....##...#..
###∩..H'.##....©.#∩.
######.##.##...#..
#....##.©.#8.
#.##......#..
...##.##...#..
.##....##..##..


You could see a minotaur (ally target) and a friendly mana viper (summoned).

Vanquished Creatures
  A hydra (D:12)
  2 centaur warriors
  3 two-headed ogres
  A cyclops (D:11)
  Psyche (D:12)
  A gargoyle (D:11)
  2 kobold demonologists (D:11)
  A komodo dragon (D:11)
  A hornet (Gauntlet)
  Grinder (D:6)
  Prince Ribbit (D:6)
  A meliai zombie (D:10)
  A wraith (D:12)
  Eustachio (D:4)
  A tarantella (shapeshifter) (Gauntlet)
  17 yaks
  Menkaure (D:6)
  2 steam dragons (D:8)
  Edmund (D:4)
  3 orc warriors
  2 sky beasts
  An ice beast (D:6)
  5 centaurs
  2 necrophages
  An ogre (D:4)
  2 kobold brigands
  A gnoll sergeant (D:10)
  2 wyvern zombies
  2 scorpions
  A water moccasin skeleton (D:5)
  11 killer bees
  10 electric eels
  7 wights
  2 howler monkeys
  A lava snake (D:12)
  3 centaur zombies
  2 bullfrog skeletons (D:5)
  3 hounds
  2 orc priests
  2 iguanas (D:6)
  3 orc wizards
  A killer bee zombie (D:4)
  A hound skeleton (D:4)
  5 gnolls (D:10)
  A howler monkey skeleton (D:7)
  5 adders
  A shadow imp (D:5)
  2 ufetubi (D:4)
  3 worms (D:2)
  3 dart slugs
  22 orcs
  6 ball pythons
  7 bats
  12 endoplasms
  A giant cockroach (D:3)
  5 goblins
  8 hobgoblins
  10 jackals
  3 quokkas
  3 frilled lizards (D:2)
  20 kobolds
  5 rats
232 creatures vanquished.

Vanquished Creatures (collateral kills)
  A boulder beetle (D:12)
  A death yak (shapeshifter) (Gauntlet)
  A gargoyle (D:12)
  A hornet (Gauntlet)
  A polar bear (shapeshifter) (Gauntlet)
  2 swamp worms (Gauntlet)
7 creatures vanquished.

Vanquished Creatures (others)
  712 foxfires
  A fungus (Gauntlet)
  4 plants (Gauntlet)
717 creatures vanquished.

Grand Total: 956 creatures vanquished

Notes
Turn   | Place    | Note
-------+----------+-------------------------------------------
     0 | D:1      | robertstho the Djinni Fire Elementalist began the quest for
                  | the Orb.
     0 | D:1      | Reached XP level 1. HP: 15/15 MP: 0/0
   528 | D:1      | Reached XP level 2. HP: 17/21 MP: 0/0
  1305 | D:2      | Reached skill level 3 in Spellcasting
  1375 | D:2      | Reached XP level 3. HP: 18/25 MP: 0/0
  1375 | D:2      | Learned a level 1 spell: Sandblast
  1467 | D:2      | Reached XP level 4. HP: 24/31 MP: 0/0
  1831 | D:2      | Found a faded altar of an unknown god.
  2582 | D:2      | Reached XP level 5. HP: 34/35 MP: 0/0
  2582 | D:2      | Learned a level 2 spell: Ensorcelled Hibernation
  2724 | D:3      | Found a bloodstained altar of Trog.
  2725 | D:3      | Found a glowing golden altar of the Shining One.
  2725 | D:3      | Found a sacrificial altar of Ru.
  3080 | D:3      | Reached skill level 4 in Spellcasting
  3828 | D:3      | Found a glowing silver altar of Zin.
  4220 | D:4      | Noticed Eustachio
  4227 | D:4      | Killed Eustachio
  4228 | D:4      | Reached skill level 5 in Spellcasting
  4228 | D:4      | Reached XP level 6. HP: 30/40 MP: 0/0
  4261 | D:4      | Reached XP level 7. HP: 35/45 MP: 0/0
  4261 | D:4      | Learned a level 2 spell: Poisonous Vapours
  4625 | D:4      | Found a staircase to the Ecumenical Temple.
  4776 | D:4      | Found a runed translucent gate.
  4777 | D:4      | Found a runed translucent gate.
  4777 | D:4      | Found a runed translucent gate.
  4778 | D:4      | Noticed Shayle's ghost (amateur DjWr)
  5354 | D:4      | Noticed Edmund
  5369 | D:4      | Killed Edmund
  5370 | D:4      | Reached skill level 6 in Spellcasting
  5478 | D:5      | Entered Level 5 of the Dungeon
  5552 | D:5      | Reached XP level 8. HP: 31/50 MP: 0/0
  5702 | D:5      | Found Ziplusi's Assorted Antiques.
  5709 | D:5      | Bought 2 smoky coppery potions for 50 gold pieces
  5709 | D:5      | Bought a lumpy purple potion for 25 gold pieces
  5709 | D:5      | Bought a smoky coppery potion for 25 gold pieces
  6075 | D:5      | Found a shimmering altar of Xom.
  6076 | D:5      | Found a shadowy altar of Dithmenos.
  6799 | D:6      | Noticed Grinder
  6803 | D:6      | Paralysed by Grinder for 2 turns
  6810 | D:6      | Noticed Menkaure
  6814 | D:6      | Killed Grinder
  6815 | D:6      | Reached skill level 7 in Spellcasting
  6817 | D:6      | Killed Menkaure
  6818 | D:6      | Reached skill level 1 in Fighting
  6987 | D:6      | Noticed snackwell's ghost (novice DrTm)
  6988 | D:6      | Found a runed translucent door.
  7036 | D:6      | Reached XP level 9. HP: 51/57 MP: 0/0
  7036 | D:6      | Learned a level 3 spell: Frozen Ramparts
  7070 | D:6      | Found Gogairgh's Lightly-Used Armoury.
  7697 | D:6      | Noticed Prince Ribbit
  7703 | D:6      | Killed Prince Ribbit
  7704 | D:6      | Reached skill level 8 in Spellcasting
  9256 | D:8      | Reached skill level 1 in Long Blades
  9256 | D:8      | Reached skill level 9 in Spellcasting
  9648 | D:8      | Reached XP level 10. HP: 27/64 MP: 0/0
  9896 | D:8      | Noticed a centaur warrior
  9901 | D:8      | Killed a centaur warrior
  9902 | D:8      | Reached skill level 10 in Spellcasting
 10167 | Temple   | Entered the Ecumenical Temple
 10634 | D:9      | Noticed a centaur warrior
 10643 | D:9      | Found a runed translucent door.
 10643 | D:9      | Noticed an ice dragon
 10643 | D:9      | Found the +2 shield of Resistance {rF++ rC++ Will++}
 10653 | D:9      | Noticed an ice dragon
 10653 | D:9      | Noticed a fire dragon
 10654 | D:9      | Noticed a fire dragon
 10669 | D:9      | Noticed a two-headed ogre
 10732 | D:9      | Killed a centaur warrior
 10733 | D:9      | Reached skill level 11 in Spellcasting
 10733 | D:9      | Reached XP level 11. HP: 62/69 MP: 0/0
 10733 | D:9      | Learned a level 5 spell: Summon Mana Viper
 10881 | D:9      | Noticed a two-headed ogre
 10884 | D:9      | Killed a two-headed ogre
 10885 | D:9      | Reached skill level 1 in Evocations
 10898 | D:9      | Killed a two-headed ogre
 10953 | D:9      | Found a runed translucent door.
 11174 | D:9      | Found an opulent altar of Gozag.
 11182 | D:9      | Became a worshipper of Gozag Ym Sagoz the Greedy
 11208 | D:10     | Entered Level 10 of the Dungeon
 11263 | D:10     | Reached skill level 5 in Stealth
 11299 | D:10     | Reached skill level 12 in Spellcasting
 12058 | D:11     | Noticed a cyclops
 12061 | D:11     | Killed a cyclops
 12064 | D:11     | Identified 2 scrolls of acquirement
 12101 | D:11     | Found Ixzi's Armour Emporium.
 12132 | D:11     | Found Zypoefa's Distillery.
 12139 | D:11     | Reached XP level 12. HP: 52/76 MP: 0/0
 12150 | D:11     | Found a staircase to the Lair.
 12190 | D:11     | Found a flickering gateway to a bazaar.
 12196 | Bazaar   | Entered a bazaar
 12210 | Bazaar   | Found Xigrez's Weapon Shoppe.
 12226 | Bazaar   | Found Poev's Antique Armour Shoppe.
 12242 | Bazaar   | Found Raqajir's General Store.
 12258 | Bazaar   | Found Ety Sewu's Weapon Emporium.
 12258 | Bazaar   | Found Zojir's Armour Shoppe.
 12300 | Bazaar   | Bought a scroll of identify for 24 gold pieces
 12300 | Bazaar   | Bought a potion of cancellation for 96 gold pieces
 12300 | Bazaar   | Bought a wand of mindburst (9) for 156 gold pieces
 12300 | Bazaar   | Bought a scroll of summoning for 114 gold pieces
 12528 | D:11     | Found Vaokuts's Armour Emporium.
 13474 | D:12     | Acquired 778 gold pieces
 13476 | D:12     | Acquired a scarf of invisibility
 13525 | D:12     | Noticed Psyche
 13535 | D:12     | Killed Psyche
 13555 | D:12     | Noticed a seven-headed hydra
 13565 | D:12     | Killed a seven-headed hydra
 13566 | D:12     | Reached skill level 5 in Dodging
 13566 | D:12     | Reached skill level 13 in Spellcasting
 13638 | D:12     | Noticed a boulder beetle
 13651 | D:12     | Killed a boulder beetle
 13682 | D:12     | Noticed a two-headed ogre
 13687 | D:12     | Killed a two-headed ogre
 13711 | D:12     | Found a gate leading to a gauntlet.
 13730 | Gauntlet | Entered a Gauntlet
 13730 | Gauntlet | Found a transporter.
 13730 | Gauntlet | Found a transporter.
 13733 | Gauntlet | Noticed a death scarab
 13745 | Gauntlet | Found a transporter.
 13751 | Gauntlet | Found the +1 cloak of Starlight {*Dazzle EV+4 Stlth--}
 13759 | Gauntlet | Found a large runed translucent door.
 13760 | Gauntlet | Found a large runed translucent door.
 13761 | Gauntlet | Found a large runed translucent door.
 13761 | Gauntlet | Found a large runed translucent door.
 13761 | Gauntlet | Found a large runed translucent door.
 13761 | Gauntlet | Found a large runed translucent door.
 13761 | Gauntlet | Found a large runed translucent door.
 13761 | Gauntlet | Found a large runed translucent door.
 13762 | Gauntlet | Found a runed translucent door.
 13762 | Gauntlet | Found a runed translucent gate.
 13763 | Gauntlet | Found a transporter.
 13763 | Gauntlet | Found a runed translucent gate.
 13763 | Gauntlet | Found a transporter.
 13763 | Gauntlet | Found a transporter.
 13766 | Gauntlet | Found a transporter.
 13766 | Gauntlet | Found a transporter.
 13767 | Gauntlet | Noticed a sixfirhy
 13767 | Gauntlet | Noticed a sixfirhy
 13771 | Gauntlet | Noticed a sixfirhy
 13778 | Gauntlet | Found a transporter.
 13796 | Gauntlet | Found a transporter.
 13806 | Gauntlet | Found a transporter.
 13809 | Gauntlet | Noticed a minotaur
 13811 | Gauntlet | Noticed an entropy weaver
 13811 | Gauntlet | a minotaur changed into an entropy weaver
 13813 | Gauntlet | Noticed a fire dragon
 13813 | Gauntlet | an entropy weaver changed into a fire dragon
 13814 | Gauntlet | Noticed an entropy weaver
 13814 | Gauntlet | a fire dragon changed into an entropy weaver
 13816 | Gauntlet | Noticed a fire dragon
 13816 | Gauntlet | an entropy weaver changed into a fire dragon
 13821 | Gauntlet | Found a transporter.
 13828 | Gauntlet | Noticed an entropy weaver
 13828 | Gauntlet | a fire dragon changed into an entropy weaver
 13829 | Gauntlet | Noticed a death yak
 13829 | Gauntlet | an entropy weaver changed into a death yak
 13830 | Gauntlet | Noticed an entropy weaver
 13830 | Gauntlet | a death yak changed into an entropy weaver
 13833 | Gauntlet | Found a large runed translucent door.
 13833 | Gauntlet | Noticed a satyr
 13833 | Gauntlet | an entropy weaver changed into a satyr
 13834 | Gauntlet | Found a large runed translucent door.
 13835 | Gauntlet | Found a large runed translucent door.
 13835 | Gauntlet | Found a large runed translucent door.
 13835 | Gauntlet | Found a large runed translucent door.
 13835 | Gauntlet | Found a large runed translucent door.
 13836 | Gauntlet | Found a large runed translucent door.
 13836 | Gauntlet | Found a large runed translucent door.
 13836 | Gauntlet | Found a runed translucent gate.
 13836 | Gauntlet | Found a runed translucent door.
 13836 | Gauntlet | Noticed an anaconda
 13836 | Gauntlet | a satyr changed into an anaconda
 13841 | Gauntlet | Found a transporter.
 13844 | Gauntlet | Noticed a fire crab
 13854 | Gauntlet | Found a transporter.
 13958 | Gauntlet | Noticed an alligator
 13961 | Gauntlet | Noticed a death yak
 13974 | Gauntlet | Killed a death yak
 13987 | Gauntlet | Identified the ring "Lozxomy" {Str+6 Stlth+}
 14048 | Gauntlet | Identified the +7 lajatang "Lacum" {vorpal, rC+}
 14048 | Gauntlet | Identified the ring of the Failed Coup {rPois Str+2 SInv}
 14048 | Gauntlet | Noticed a minotaur
 14062 | Gauntlet | Hit by a javelin thrown by a minotaur

Illustrated notes

Levels and vault maps discovered:
D:1:      dpeg_arrival_round_a, layout_basic
D:2:      layout_loops_cross, basic_ecumenical_altar
D:3:      layout_basic, grunt_temple_overflow_open, minivault_25
D:4:      layout_basic, minmay_temple_entry_hall, ebering_ghost_rock_garden,
          uniq_edmund, uniq_eustachio
D:5:      layout_loops_ring, gammafunk_temple_overflow_statue, serial_shops,
          shop_fountains
D:6:      layout_loops_corners, grunt_temple_overflow_magic_moments,
          gammafunk_ghost_grave, minmay_shop_damaged, uniq_prince_ribbit1,
          uniq_grinder, uniq_menkaure
D:7:      layout_basic
D:8:      layout_rooms, minmay_puff
D:9:      layout_cave_pools, mainiacjoe_overflow_surrounded_room,
          chequers_serial_rivers_large_a, minmay_guarded_unrand_resistance
D:10:     layout_basic
D:11:     layout_layer_cave, lair_entry_dummy, serial_shops, bzr_entry_safe,
          shop_fountains, shop_statue, nicolae_shop_trees, nrook_pool_corridor
D:12:     layout_basic, gauntlet_entry_generic, uniq_josephine, uniq_psyche
Temple:   nicolae_temple_hex_pool
Gauntlet: gammafunk_gauntlet_mixed_choke_point
          [minmay_gauntlet_arena_77_squiggly,
          minmay_gauntlet_arena_77_two_paths, minmay_gauntlet_arena_77_museum,
          minmay_gauntlet_arena_make_your_own_arena,
          minmay_gauntlet_arena_77_broken_ladder,
          minmay_gauntlet_arena_77_p_blocks, minmay_gauntlet_arena_77_braids,
          gauntlet_exit_green]

Skill      XL: |  1  2  3  4  5  6  7  8  9 10 11 12 |
---------------+-------------------------------------+-----
Spellcasting   | 3 5 6 7 9 11 12 13 | 13.4
Stealth        | 2 3 4 5 |  5.3
Dodging        | 3 4 5 |  5.5
Fighting       | 1 2 |  2.9
Long Blades    | 1 |  1.7
Evocations     | 2 |  2.1

Action                   |  1- 3 |  4- 6 |  7- 9 | 10-12 || total
-------------------------+-------+-------+-------+-------++-------
Melee: Long sword        |       |       |     2 |    17 ||    19
 Cast: Foxfire           |    54 |   168 |   217 |       ||   439
       Sticky Flame      |       |     1 |    11 |    18 ||    30
       Fireball          |       |       |    12 |   129 ||   141
       Summon Mana Viper |       |       |       |    10 ||    10
       Ensorcelled Hiber |       |       |       |     7 ||     7
       Poisonous Vapours |       |       |       |     2 ||     2
Invok: Potion Petition   |       |       |       |     1 ||     1
 Abil: Evoke Invisibilit |       |       |       |     1 ||     1
Evoke: Wand              |       |       |       |    11 ||    11
  Use: Scroll            |       |       |       |    15 ||    15
       Potion            |       |       |       |     5 ||     5
 Stab: Sleeping          |       |       |       |     3 ||     3
Armor: Robe              |       |     4 |     5 |       ||     9
       Steam dragon scal |       |       |       |    10 ||    10
Dodge: Dodged            |     5 |     7 |    41 |    64 ||   117

Table legend: (Time is in decaauts)
 A = Elapsed time spent in this place.
 B = Non-inter-level travel time spent in this place.
 C = Inter-level travel time spent in this place.
 D = Time resting spent in this place.
 E = Time spent auto-exploring this place.
 F = Levels seen in this place.
 G = Mean time per level.
                   A        B        C        D        E       F      G
               +--------+--------+--------+--------+--------+-----+--------+
         Total |  14067 |  13395 |    672 |    137 |  11277 |  15 |  937.8 |
       Dungeon |  13455 |  12790 |    665 |    125 |  10987 |  12 | 1121.2 |
        Temple |     72 |     66 |      6 |      0 |     56 |   1 |   72.0 |
        Bazaar |    207 |    207 |      0 |      0 |     77 |   1 |  207.0 |
      Gauntlet |    331 |    331 |      0 |     12 |    157 |   1 |  331.0 |
               +--------+--------+--------+--------+--------+-----+--------+

Top non-repeatable levels by time:
     D:6: 1632 daAuts
     D:4: 1468 daAuts
     D:2: 1426 daAuts
     D:3: 1399 daAuts
     D:1: 1237 daAuts
    D:11: 1206 daAuts
     D:8: 1155 daAuts
     D:5: 1128 daAuts
     D:7: 1076 daAuts
    D:10: 819 daAuts
     D:9: 643 daAuts
Gauntlet: 331 daAuts
    D:12: 261 daAuts
  Bazaar: 207 daAuts
  Temple: 72 daAuts
